 Dungeon Crawl Stone Soup version 0.27-a0-1200-g94dc6ad4cf (webtiles) character file.

Game seed: 6368240543190654416

976 freelancePsychic the Gusty (level 8, -2/75 HPs)
             Began as an Ogre Air Elementalist on June 1, 2021.
             Was a Follower of Uskayaw.
             Slain by Duvessa
             ... wielding a +3 short sword of venom
              (10 damage)
             ... on level 6 of the Dungeon.
             The game lasted 00:17:19 (7895 turns).

freelancePsychic the Gusty (Ogre Air Elementalist)  Turns: 7895, Time: 00:17:20

Health: -2/75      AC:  4    Str: 13    XL:     8   Next: 16%
Magic:  9/14       EV:  9    Int: 18    God:    Uskayaw [*.....]
Gold:   346        SH:  0    Dex:  9    Spells: 9/15 levels left

rFire    . . .     SeeInvis .   c - +7 Singing Sword {vorpal, sonic wave}
rCold    . . .     Faith    .   (no shield)
rNeg     . . .     Spirit   .   a - +1 robe
rPois    +         Reflect  .   (helmet restricted)
rElec    .         Harm     .   (no cloak)
rCorr    .         Rampage  .   (gloves unavailable)
Will     .....                  (boots unavailable)
Stlth    +.........             (no amulet)
HPRegen  0.22/turn              k - ring of wizardry
MPRegen  0.14/turn              j - ring of poison resistance

@: sluggish, very slow
A: large, unfitting armour, tough skin 1
a: Renounce Religion, Stomp


You were on level 6 of the Dungeon.
You worshipped Uskayaw.
Uskayaw was noncommittal.
You visited 1 branch of the dungeon, and saw 6 of its levels.

You collected 346 gold pieces.

Inventory:

Hand Weapons
 c - the +7 Singing Sword (weapon) {vorpal, sonic wave}
   (You found it on level 5 of the Dungeon)

   It inflicts extra damage upon your enemies.
Missiles
 g - a throwing net
Armour
 a - a +1 robe (worn)
Magical Staves
 r - a staff of poison
Jewellery
 j - a ring of poison resistance (right hand)
 k - a ring of wizardry (left hand)
 n - a +6 ring of strength
Wands
 p - a wand of flame (16)
Scrolls
 o - 3 scrolls of fog
 q - 2 scrolls of identify {@r1}
 s - a scroll of magic mapping
 t - a scroll of holy word {unknown}
Potions
 b - 2 potions of berserk rage {unknown}
 d - 2 potions of attraction
 e - 2 potions of haste {@q3}
 f - a potion of brilliance {unknown}
 h - 2 potions of cancellation
 i - 2 potions of magic {unknown}
 l - 5 potions of curing {unknown}
 m - 2 potions of heal wounds {unknown}


   Skills:
 + Level 3.1 Fighting
 * Level 0.0 Long Blades
 + Level 1.7 Dodging
 - Level 1.4 Stealth
 - Level 4.0 Spellcasting
 - Level 5.3 Conjurations
 - Level 5.9 Air Magic


You had 9 spell levels left.
You knew the following spells:

 Your Spells              Type           Power      Damage    Failure   Level
a - Shock                 Conj/Air       92%        1d8       1%          1
b - Static Discharge      Conj/Air       23%        N/A       1%          2
c - Swiftness             Air            24%        N/A       1%          3

Your spell library contained the following spells:

 Spells                   Type           Power      Damage    Failure   Level
 Magic Dart               Conj           92%        1d7       1%          1
 Searing Ray              Conj           46%        3d4       1%          2
 Airstrike                Air            12%        N/A       5%          4
 Dazzling Flash           Conj/Hex       26%        N/A       6%          3
 Lightning Bolt           Conj/Air       11%        1d24      16%         5
 Fulminant Prism          Conj/Hex       6%         3d7       19%         4
 Iskenderun's Mystic Bla  Conj/Tloc      13%        2d5       19%         4


Dungeon Overview and Level Annotations

Branches:
Dungeon (6/15)
 Temple: D:4-7

Altars:
Cheibriados
Dithmenos
Ru
Uskayaw
Wu Jian
Xom
Zin

Annotations:
D:3 2 transporters, bande's ghost, amateur GrFi
D:6 Dowan; Duvessa


Innate Abilities, Weirdness & Mutations

You are too large for most types of armour.
You have tough skin. (AC +1)


Message History

Duvessa is wielding a +3 short sword of venom.
Dowan is wielding a +1 dagger of venom.
Duvessa shouts!
Dowan shouts!
Duvessa drinks a potion.
Duvessa seems to speed up.
Found a spear.
Casting: Shock (safe; 1% risk of failure)
Confirm with . or Enter, or press ? or * to list all spells.
Okay, then.
Casting: Shock (safe; 1% risk of failure)
Confirm with . or Enter, or press ? or * to list all spells.
You feel quick.
Duvessa says, "My weaknesses are his strengths!"
Duvessa gestures with her weapon.
You start to feel a little slower.
There is a stone staircase leading up here.
Casting: Swiftness (safe; 1% risk of failure)
Confirm with . or Enter, or press ? or * to list all spells.
Duvessa is struck by an arc of lightning.
Duvessa is lightly wounded.
You are struck by an arc of lightning.
The lightning grounds out.
Duvessa hits you with a +3 short sword of venom!
Casting: Static Discharge (safe; 1% risk of failure)
Confirm with . or Enter, or press ? or * to list all spells.
Duvessa is struck by an arc of lightning!
Duvessa is moderately wounded.
You are struck by an arc of lightning.
The lightning grounds out.
Duvessa hits you with a +3 short sword of venom! x2
You barely miss Duvessa.
Duvessa is moderately wounded.
Duvessa hits you with a +3 short sword of venom! x2
* * * LOW HITPOINT WARNING * * *
You hit Duvessa.
The Singing Sword laughs in a fit of madness.
You send a blast of sound all around you.
Duvessa and Dowan are blasted.
Duvessa is almost dead.
Dowan is almost dead.
Duvessa is almost dead.
You feel sluggish.
Duvessa hits you with a +3 short sword of venom!
* * * LOW HITPOINT WARNING * * *
Duvessa hits you with a +3 short sword of venom!
You die...

#.# #.# ..#
#.#########.###########..###
#...................e.......
###########e###########..###
#.####### ..# #........ ..#
#.####### ..# #e# ..# #@#
..# #.# ..# #.# #.# ###


You could see Duvessa (fast) and Dowan.

Vanquished Creatures
  3 water moccasins (D:5)
  A phantom (D:5)
  A water moccasin zombie (D:5)
  A water moccasin skeleton (D:4)
  A bullfrog zombie (D:5)
  2 hounds (D:5)
  A bullfrog skeleton (D:5)
  2 jellies
  An orc priest (D:5)
  An orc wizard (D:5)
  12 gnolls
  2 adders
  An adder skeleton (D:4)
  3 dart slugs
  13 orcs
  4 endoplasms
  A giant cockroach (D:4)
  6 goblins
  10 hobgoblins
  15 jackals
  12 kobolds
  2 quokkas (D:1)
  4 ball pythons
  3 bats
  2 frilled lizards
  3 rats (D:1)
107 creatures vanquished.

Notes
Turn   | Place    | Note
-------+----------+-------------------------------------------
     0 | D:1      | freelancePsychic the Ogre Air Elementalist began the quest
                  | for the Orb.
     0 | D:1      | Reached XP level 1. HP: 16/16 MP: 3/3
    54 | D:1      | Reached skill level 1 in Conjurations
   232 | D:1      | Reached XP level 2. HP: 26/26 MP: 0/5
   233 | D:1      | Reached skill level 1 in Fighting
   811 | D:1      | Reached XP level 3. HP: 33/33 MP: 4/7
  1237 | D:1      | Learned a level 2 spell: Static Discharge
  1962 | D:2      | Found a shadowy altar of Dithmenos.
  2206 | D:2      | Reached XP level 4. HP: 34/42 MP: 1/8
  3584 | D:3      | Reached XP level 5. HP: 40/52 MP: 2/9
  4312 | D:3      | Found a transporter.
  4312 | D:3      | Noticed an ogre
  4314 | D:3      | Noticed bande's ghost (amateur GrFi)
  4315 | D:3      | Identified the +5 dire flail of the Ass {elec, Will+ rCorr
                  | Str+3 Int+3}
  4315 | D:3      | Noticed an ogre
  4405 | D:3      | Found a transporter.
  4466 | D:4      | Identified the +5 chain mail "Atwaw" {Str+3}
  5483 | D:4      | Reached XP level 6. HP: 61/61 MP: 7/11
  5534 | D:4      | Found an ornate altar of the Wu Jian Council.
  5961 | D:5      | Entered Level 5 of the Dungeon
  6118 | D:5      | Noticed a water moccasin
  6126 | D:5      | Killed a water moccasin
  6246 | D:5      | Reached XP level 7. HP: 67/67 MP: 6/13
  6621 | D:5      | Found the +7 Singing Sword {vorpal, sonic wave}
  6640 | D:5      | Learned a level 3 spell: Swiftness
  6822 | D:5      | Found a glowing silver altar of Zin.
  6839 | D:5      | Reached skill level 5 in Air Magic
  6956 | D:5      | Found a shimmering altar of Xom.
  6956 | D:5      | Found a snail-covered altar of Cheibriados.
  6964 | D:5      | Found a sacrificial altar of Ru.
  6964 | D:5      | Found a hide-covered altar of Uskayaw.
  6988 | D:5      | Became a worshipper of Uskayaw the Reveller
  7027 | D:5      | Identified the +5 whip of Revolt {vorpal, SInv}
  7090 | D:5      | Reached * piety under Uskayaw
  7146 | D:5      | Reached ** piety under Uskayaw
  7147 | D:5      | Reached skill level 5 in Conjurations
  7174 | D:5      | Reached XP level 8. HP: 36/75 MP: 7/14
  7874 | D:6      | Noticed Duvessa
  7874 | D:6      | Noticed Dowan
  7895 | D:6      | Slain by Duvessa

Illustrated notes

Levels and vault maps discovered:
D:1:      heliophobic_arrival_ceremonial_halls, layout_loops_ring
D:2:      minmay_kobold_bridge, layout_loops_corners, basic_altar,
          minmay_misc_feat_x
D:3:      layout_loops_cross, gammafunk_ghost_smash
D:4:      layout_loops_ring, nzn_wu_jian_contemplation, kennysheep_cross_room
D:5:      layout_gridville, minmay_overflow_temple_star_hex
D:6:      layout_basic, nicolae_benzene_ring, uniq_prince_ribbit1, uniq_duvessa

Skill      XL: |  1  2  3  4  5  6  7 |
---------------+----------------------+-----
Conjurations   | 1 2 3 5 |  5.3
Fighting       | 1 2 3 |  3.1
Air Magic      | 3 4 5 |  5.9
Spellcasting   | 3 4 |  4.0
Dodging        | |  1.7
Stealth        | |  1.4

Action                   |  1- 3 |  4- 6 |  7- 9 || total
-------------------------+-------+-------+-------++-------
Melee: Unarmed           |    42 |    33 |       ||    75
       Staff             |       |     5 |       ||     5
       Double sword      |       |       |    24 ||    24
 Cast: Shock             |    72 |    33 |    12 ||   117
       Static Discharge  |    12 |    56 |    20 ||    88
       Swiftness         |       |       |     1 ||     1
  Use: Scroll            |       |     7 |     2 ||     9
 Stab: Sleeping          |       |     2 |       ||     2
Armor: Robe              |    16 |    27 |    12 ||    55
Dodge: Dodged            |    37 |    47 |    17 ||   101
       Rpst.: Double sword |       |       |     6 ||     6

Table legend: (Time is in decaauts)
 A = Elapsed time spent in this place.
 B = Non-inter-level travel time spent in this place.
 C = Inter-level travel time spent in this place.
 D = Time resting spent in this place.
 E = Time spent auto-exploring this place.
 F = Levels seen in this place.
 G = Mean time per level.
                   A        B        C        D        E       F      G
               +--------+--------+--------+--------+--------+-----+--------+
         Total |   7906 |   7708 |    198 |   1003 |   5761 |   6 | 1317.7 |
       Dungeon |   7906 |   7708 |    198 |   1003 |   5761 |   6 | 1317.7 |
               +--------+--------+--------+--------+--------+-----+--------+

Top non-repeatable levels by time:
     D:2: 1970 daAuts
     D:5: 1863 daAuts
     D:1: 1547 daAuts
     D:4: 1245 daAuts
     D:3: 1205 daAuts
     D:6: 74 daAuts
